 Dungeon Crawl Stone Soup version 0.20.0-10-g0535bb4 (webtiles) character file.

236 shinino the Chopper (level 5, -3/41 HPs)
             Began as a Demonspawn Chaos Knight on June 7, 2017.
             Slain by grandjackal's ghost (12 damage)
             ... on level 4 of the Dungeon.
             The game lasted 00:09:11 (8413 turns).

shinino the Chopper (Demonspawn Chaos Knight)       Turns: 8413, Time: 00:09:11

Health: -3/41      AC: 10    Str: 18    XL:     5   Next: 77%
Magic:  5/5        EV: 11    Int: 13    God:    Xom [*.....]
Gold:   60         SH:  0    Dex: 13    Spells: 4/4 levels left

rFire    . . .     SeeInvis .   a - +0 hand axe (chaos)
rCold    + + .     Gourm    .   (no shield)
rNeg     . . .     Faith    .   b - +2 leather armour
rPois    +         Spirit   .   s - +0 helmet
rElec    .         Reflect  .   (no cloak)
rCorr    .         Harm     .   l - +0 pair of gloves
MR       +....                  c - +0 pair of boots
Stlth    +++.......             (no amulet)
Regen    0.2/turn               g - +3 ring of strength
MPRegen  0.1/turn               u - ring of flight

@: cleaving, drained
A: thin metallic scales 1, camouflage 1, cold resistance 2, magic resistance 1,
nightstalker 1, poison resistance, strong 1, rot immunity, subdued magic 1
a: Renounce Religion, Evoke Flight


You were on level 4 of the Dungeon.
You worshipped Xom.
You were a special plaything of Xom.
You were not hungry.

You visited 1 branch of the dungeon, and saw 4 of its levels.

You collected 215 gold pieces.
You spent 155 gold pieces at shops.

Inventory:

Hand Weapons
 a - a +0 hand axe of chaos (weapon)
Armour
 b - a +2 leather armour (worn)
 c - a +0 pair of boots (worn)
 l - a +0 pair of gloves (worn)
 s - a +0 helmet (worn)
Jewellery
 g - a +3 ring of strength (left hand)
 u - a ring of flight (right hand)
Wands
 d - a wand of lightning (6/15)
 m - a wand of polymorph (8/24)
 y - a wand of confusion (18/48)
Scrolls
 h - a scroll of blinking {unknown}
 i - a scroll of magic mapping
 j - 3 scrolls of remove curse
 o - a scroll of enchant weapon
 r - a scroll of noise {unknown}
 w - 2 scrolls of immolation
 x - 2 scrolls of teleportation
Potions
 n - a potion of invisibility
 p - a potion of agility
 q - a potion of flight
Comestibles
 k - a meat ration
 t - a chunk of flesh


   Skills:
 - Level 3.0(1.9) Fighting
 + Level 6.0(4.8) Axes
 - Level 1.7(0.7) Armour
 - Level 0.8(0.0) Dodging


You had 4 spell levels left.
You didn't know any spells.

Dungeon Overview and Level Annotations

Branches:
Dungeon (4/15)
 Temple: D:4-7

Altars:
Qazlal
Ru
Xom

Shops:
D:4 ?

Annotations:
D:4 grandjackal's ghost, novice TeFi


Innate Abilities, Weirdness & Mutations

You are partially covered in thin metallic scales. (AC +2)
You are slightly more attuned to the shadows.
You are immune to rotting.
Your skin changes colour to match your surroundings (Stealth+).
Your flesh is very cold resistant. (rC++)
You are resistant to hostile enchantments. (MR+)
Your system is resistant to poisons. (rPois)
Your muscles are strong. (Str +2)
Your spells are a little easier to cast, but a little less powerful.


Message History

Grandjackal's ghost is almost destroyed.
Grandjackal's ghost hits you!
* * * LOW HITPOINT WARNING * * *
Grandjackal's ghost completely misses you.
You feel better. Grandjackal's ghost hits you!
* * * LOW HITPOINT WARNING * * *
You feel better. Grandjackal's ghost closely misses you.
Grandjackal's ghost hits you.
* * * LOW HITPOINT WARNING * * *
You hit grandjackal's ghost but do no damage.
Grandjackal's ghost is almost destroyed.
Grandjackal's ghost hits you but does no damage.
You hit grandjackal's ghost but do no damage.
Grandjackal's ghost is almost destroyed.
Grandjackal's ghost closely misses you.
Grandjackal's ghost hits you but does no damage.
You hit grandjackal's ghost but do no damage.
Grandjackal's ghost is almost destroyed.
Grandjackal's ghost hits you!
You die...

#...... .... ####
#...... ....####
...###..#.#. #.....#
#...#...... #.....#
.#.#......#.#.
....##.#.#..........
#..##.#.##.....#.#.
#..##.#.##∩........
#####@##.#.#......#.#.
......W'#.#.#.)<.......
#####..#.>#.......#....
...^.#..#.......#<...
#.....#^...##....#####
#$....#....##....# #
+.....#..........# #
...####..........# #
#....##....# #


You could see grandjackal's ghost.

Vanquished Creatures
  Jessica (D:2)
  An orc wizard (D:3)
  9 adders
  A howler monkey skeleton (D:3)
  3 worms
  9 orcs
  A giant cockroach (D:1)
  11 goblins
  7 hobgoblins
  4 jackals (D:3)
  A quokka (D:2)
  3 ball pythons
  7 bats
  2 frilled lizards
  12 kobolds
  6 rats
78 creatures vanquished.

Vanquished Creatures (collateral kills)
  A dart slug (D:1)
1 creature vanquished.

Vanquished Creatures (others)
  A worm (D:3)
1 creature vanquished.

Grand Total: 80 creatures vanquished

Notes
Turn   | Place    | Note
-------+----------+-------------------------------------------
     0 | D:1      | shinino the Demonspawn Chaos Knight began the quest for the Orb.
     0 | D:1      | Reached XP level 1. HP: 18/18 MP: 1/1
    58 | D:1      | XOM: divination: detect items
    97 | D:1      | XOM: butterfly on damage
   102 | D:1      | Reached skill level 3 in Axes
   344 | D:1      | Gained mutation: You are partially covered in thin metallic scales. (AC +2) [demonic ancestry]
   344 | D:1      | Reached XP level 2. HP: 24/24 MP: 2/2
   410 | D:1      | XOM: 3-stop teleportation journey
  1328 | D:1      | XOM: summons 2 hostile shadow creatures
  1396 | D:1      | XOM: medium Conj miscast
  2102 | D:1      | XOM: summons 3 hostile shadow creatures
  2190 | D:1      | XOM: medium Pois miscast
  2450 | D:1      | XOM: give mutations
  2450 | D:1      | Gained mutation: Your muscles are strong. (Str +2) [Xom's grace]
  2450 | D:1      | Gained mutation: Your flesh is cold resistant. (rC+) [Xom's grace]
  2450 | D:1      | Gained mutation: You are resistant to hostile enchantments. (MR+) [Xom's grace]
  2450 | D:1      | Gained mutation: You evolve. [Xom's grace]
  2760 | D:1      | XOM: god gift: wand of polymorph (?/24) {god gift}
  3073 | D:1      | XOM is BORED!
  3391 | D:1      | XOM: chaos cloud
  3478 | D:1      | XOM: summons 2 friendly demons
  3976 | D:1      | XOM: scenery: create altars
  4834 | D:2      | Gained mutation: You are slightly more attuned to the shadows. [demonic ancestry]
  4834 | D:2      | Reached XP level 3. HP: 25/29 MP: 3/3
  4850 | D:2      | Reached skill level 4 in Axes
  4980 | D:2      | Noticed Jessica
  4987 | D:2      | Killed Jessica
  4987 | D:2      | Gained mutation: You are immune to rotting. [demonic ancestry]
  4987 | D:2      | Reached XP level 4. HP: 34/35 MP: 4/4
  5071 | D:2      | XOM: medium Necr miscast
  5342 | D:2      | Reached skill level 5 in Axes
  5503 | D:2      | XOM: polymorph rat -> kobold
  5569 | D:2      | Found a sacrificial altar of Ru.
  5643 | D:2      | XOM: give mutations
  5643 | D:2      | Gained mutation: You rapidly evolve. [Xom's grace]
  5643 | D:2      | Gained mutation: Your skin changes colour to match your surroundings (Stealth+). [Xom's grace]
  5841 | D:2      | Gained mutation: Your system is resistant to poisons. (rPois) [evolution]
  5953 | D:3      | XOM: stat loss: -1 Int (12/13)
  6024 | D:3      | Reached XP level 5. HP: 40/41 MP: 5/5
  6328 | D:3      | XOM: swap monsters
  6499 | D:3      | Found a stormy altar of Qazlal.
  6645 | D:3      | XOM: harmless Hex miscast
  6659 | D:3      | XOM: harmless Pois miscast
  6747 | D:3      | XOM: draining
  7043 | D:3      | Reached skill level 6 in Axes
  7044 | D:3      | XOM: harmless Air miscast
  7080 | D:3      | Gained mutation: Your flesh is very cold resistant. (rC++) [evolution]
  7080 | D:3      | Lost mutation: You rapidly evolve. [decline of evolution]
  7177 | D:3      | XOM: harmless Hex miscast
  7638 | D:3      | XOM: give mutations
  7638 | D:3      | Gained mutation: Your spells are a little easier to cast, but a little less powerful. [Xom's mischief]
  7638 | D:3      | Lost mutation: You evolve. [Xom's mischief]
  8161 | D:3      | XOM: torment (22/41 hp)
  8310 | D:4      | Found Caselag's Magic Scroll Shoppe.
  8321 | D:4      | Bought a scroll of immolation for 35 gold pieces
  8321 | D:4      | Bought a scroll of identify for 20 gold pieces
  8321 | D:4      | Bought a scroll of identify for 20 gold pieces
  8321 | D:4      | Bought a scroll of teleportation for 30 gold pieces
  8321 | D:4      | Bought a scroll of identify for 20 gold pieces
  8321 | D:4      | Bought a scroll of teleportation for 30 gold pieces
  8384 | D:4      | Noticed grandjackal's ghost (novice TeFi)
  8384 | D:4      | XOM: summons 3 friendly demons
  8390 | D:4      | XOM: cleaving
  8413 | D:4      | Slain by grandjackal's ghost

Skill      XL: |  1  2  3  4  5 |
---------------+----------------+-----
Axes           | 3 4 5 6 |  6.0
Fighting       | |  3.0
Armour         | |  1.7
Dodging        | |  0.8

Action                   |  1- 3 |  4- 6 || total
-------------------------+-------+-------++-------
Melee: Hand axe          |   102 |   168 ||   270
  Use: Scroll            |     1 |     7 ||     8
       Potion            |     1 |     4 ||     5
 Stab: Sleeping          |     1 |     6 ||     7
       Paralysed         |       |     3 ||     3
  Eat: Chunk             |     4 |     6 ||    10
       Bread ration      |     2 |     1 ||     3
Armor: Leather armour    |    33 |    63 ||    96
Dodge: Dodged            |    61 |    78 ||   139
